 Dungeon Crawl Stone Soup version 0.27.1-34-g3ba077fa99 (webtiles) character file.

Game seed: 11053853261403780435

1124 Arum the Skirmisher (level 8, -1/59 (68) HPs)
             Began as a Formicid Fighter on Jan 3, 2022.
             Was an Initiate of Qazlal.
             Slain by a wight (7 damage)
             ... on level 5 of the Dungeon.
             The game lasted 00:07:44 (5732 turns).

Arum the Skirmisher (Formicid Fighter)              Turns: 5732, Time: 00:07:45

HP:   -1/59 (68)    AC:  8    Str: 22    XL:     8   Next: 61%
MP:   8/8           EV:  9    Int:  7    God:    Qazlal [......]
Gold: 197           SH: 11    Dex: 18    Spells: 7/7 levels left

rFire    . . .     SeeInvis +   a - +1 quarterstaff
rCold    . . .     Faith    .   c - +0 kite shield
rNeg     . . .     Spirit   .   b - +0 scale mail
rPois    .         Reflect  .   (helmet unavailable)
rElec    .         Harm     .   (no cloak)
rCorr    .         Rampage  .   g - +0 pair of gloves
Will     .....                  (no boots)
Stlth    ..........             (no amulet)
HPRegen  0.19/turn              l - +6 ring of dexterity
MPRegen  0.11/turn              (no ring)

@: heavily drained
A: permanent stasis, dig shafts and tunnels, antennae 3, four strong arms
a: Dig, Shaft Self, Renounce Religion


You were on level 5 of the Dungeon.
You worshipped Qazlal.
Qazlal was noncommittal.
You visited 2 branches of the dungeon, and saw 7 of its levels.

You collected 197 gold pieces.

Inventory:

Hand Weapons
 a - a +1 quarterstaff (weapon)
Armour
 b - a +0 scale mail (worn)
 c - a +0 kite shield (worn)
 g - a +0 pair of gloves (worn)
Jewellery
 l - a +6 ring of dexterity (left hand)
Wands
 f - a wand of iceblast (7)
Scrolls
 n - a scroll of immolation
 q - 2 scrolls of amnesia
 t - 2 scrolls of enchant weapon
Potions
 d - a potion of might
 e - a potion of cancellation
 h - 2 potions of curing
 i - 2 potions of brilliance
 j - a potion of invisibility {unknown}
 k - a potion of mutation
 m - 2 potions of flight
 r - a potion of heal wounds {unknown}
 s - a potion of lignification {unknown}


   Skills:
 * Level 7.8 Fighting
 + Level 5.1 Staves
 - Level 3.2 Armour
 + Level 7.3 Shields


You had 7 spell levels left.
You didn't know any spells.
Your spell library contained the following spells:

 Spells                   Type           Power      Damage    Failure   Level
 Sublimation of Blood     Necr           0%         N/A       95%         2
 Wereblood                Tmut           0%         N/A       95%         2
 Summon Hydra             Summ           0%         N/A       100%        7


Dungeon Overview and Level Annotations

Branches:
Dungeon (6/15)             Temple (1/1) D:5

Altars:
Ashenzari
Cheibriados
Dithmenos
Elyvilon
Fedhas
Gozag
Kikubaaqudgha
Makhleb
Okawaru
Qazlal
Sif Muna
Uskayaw
Xom
Yredelemnul
Zin


Innate Abilities, Weirdness & Mutations

You cannot be hasted, slowed, berserked, paralysed or teleported.
You can dig through walls and to a lower floor.
You have a pair of large antennae on your head. (SInv)
Your four strong arms can wield two-handed weapons with a shield.


Message History

You hit the wight but do no damage.
The wight is severely damaged.
You block the wight's attack.
You hit the wight but do no damage.
The wight is severely damaged.
You block the wight's attack.
You sock the wight!
You destroy the wight!
Qazlal accepts your kill.
You barely miss the wight. The wight barely misses you.
You hit the wight.
The wight is moderately damaged.
The wight hits you with a +0 flail.
You closely miss the wight.
The wight is moderately damaged.
The wight barely misses you.
You hit the wight.
The wight is moderately damaged.
The wight barely misses you.
You thump the wight!
The wight is almost destroyed.
The wight hits you with a +0 flail!
* * * LOW HITPOINT WARNING * * *
You feel drained.
* * * LOW HITPOINT WARNING * * *
You closely miss the wight.
The wight is almost destroyed.
The wight hits you with a +0 flail.
* * * LOW HITPOINT WARNING * * *
You feel drained.
You closely miss the wight.
The wight is almost destroyed.
The wight hits you with a +0 flail.
* * * LOW HITPOINT WARNING * * *
You feel drained. The wight hits you with a +0 flail.
* * * LOW HITPOINT WARNING * * *
You feel drained.
* * * LOW HITPOINT WARNING * * *
You feel better. The wight hits you with a +0 flail!
You die...

#.# #.# #.# #.#
#.# #.# ###
########(#.....
#........'.....#
#@######.#.....#
#z# #..)...##
#.# #......# #.#
#......# {{...
#.##.### { ...
..# .# ....# ..
# ....# .....#
####


You could see a wight.

Vanquished Creatures
  Prince Ribbit (D:6)
  Grinder (D:6)
  A black bear (D:4)
  A sky beast (D:6)
  3 scorpions
  A water moccasin skeleton (D:6)
  A wight (D:5)
  A hound (D:4)
  A centaur skeleton (D:5)
  An iguana (D:4)
  7 adders
  A howler monkey skeleton (D:5)
  An ufetubus (D:5)
  A worm (D:3)
  4 dart slugs
  9 orcs
  4 bats
  9 endoplasms
  6 giant cockroaches
  6 goblins
  7 hobgoblins
  6 jackals (D:1)
  8 kobolds
  6 quokkas
  16 ball pythons
  3 frilled lizards
  8 rats
  A spectral hobgoblin (D:1)
115 creatures vanquished.

Notes
Turn   | Place    | Note
-------+----------+-------------------------------------------
     0 | D:1      | Arum the Formicid Fighter began the quest for the Orb.
     0 | D:1      | Reached XP level 1. HP: 18/18 MP: 1/1
    63 | D:1      | Reached XP level 2. HP: 24/24 MP: 2/2
   296 | D:1      | Reached XP level 3. HP: 29/29 MP: 3/3
   546 | D:1      | Found a faded altar of an unknown god.
  1347 | D:2      | Reached XP level 4. HP: 12/37 MP: 4/4
  1929 | D:2      | Reached skill level 5 in Shields
  2384 | D:3      | Found a shadowy altar of Dithmenos.
  2463 | D:3      | Reached XP level 5. HP: 42/42 MP: 5/5
  2861 | D:3      | You fall into a shaft and drop 3 floors!
  2861 | D:6      | Noticed Prince Ribbit
  2865 | D:6      | Found an ancient bone altar of Kikubaaqudgha.
  2878 | D:6      | Noticed a sky beast
  2887 | D:6      | Killed a sky beast
  2888 | D:6      | Reached skill level 5 in Fighting
  2888 | D:6      | Reached XP level 6. HP: 25/51 MP: 6/6
  3059 | D:6      | Killed Prince Ribbit
  3060 | D:6      | Reached XP level 7. HP: 57/57 MP: 7/7
  3113 | D:6      | Noticed Grinder
  3161 | D:6      | Killed Grinder
  3499 | D:6      | Found a stormy altar of Qazlal.
  3514 | D:6      | Became a worshipper of Qazlal Stormbringer
  3890 | D:5      | Entered Level 5 of the Dungeon
  4049 | D:4      | Reached XP level 8. HP: 57/65 MP: 8/8
  4531 | D:4      | Found an opulent altar of Gozag.
  4531 | D:4      | Found a glowing silver altar of Zin.
  5205 | D:5      | Found a staircase to the Ecumenical Temple.
  5216 | Temple   | Entered the Ecumenical Temple
  5360 | D:5      | Reached skill level 5 in Staves
  5731 | D:5      | HP: 3/60 [wight (5)]
  5731 | D:5      | HP: 1/59 [wight (2)]
  5732 | D:5      | Slain by a wight

Illustrated notes

Levels and vault maps discovered:
D:1:      scummos_arrival_hexagon, layout_loops_corners,
          dreamdust_ecumenical_altar_drowned_temple
D:2:      layout_basic, serial_aquarium, aquarium_bridge_straight
          [aquarium_subvault_bridge, aquarium_subvault_wall,
          aquarium_subvault_bridge, aquarium_subvault_wall], aquarium_window_1,
          aquarium_window_1, aquarium_view_2e, aquarium_pool_2
D:3:      layout_basic, nicolae_dithmenos_the_darkroom, hex_large
D:4:      layout_basic, grunt_temple_overflow_gold_and_silver,
          serial_park_tiny_2, minmay_snake_closets
D:5:      layout_basic, minmay_temple_entry_stoned_glass
D:6:      layout_basic, grunt_qazlal_sundering,
          mainiacjoe_overflow_small_starburst, hangedman_abyss_or_decor_slice,
          uniq_prince_ribbit1, uniq_grinder
Temple:   eino_temple_lava

Skill      XL: |  1  2  3  4  5  6  7  8 |
---------------+-------------------------+-----
Shields        | 4 5 6 7 |  7.3
Fighting       | 4 5 6 7 |  7.8
Staves         | 3 4 5 |  5.1
Armour         | |  3.2

Action                   |  1- 3 |  4- 6 |  7- 9 || total
-------------------------+-------+-------+-------++-------
Melee: Quarterstaff      |   107 |    99 |   166 ||   372
 Abil: Dig               |       |     2 |     2 ||     4
Evoke: Wand              |       |     2 |       ||     2
  Use: Scroll            |       |     4 |     8 ||    12
       Potion            |       |     5 |     2 ||     7
Armor: Scale mail        |    51 |    30 |    42 ||   123
Dodge: Dodged            |    17 |    25 |    44 ||    86
Block: Kite shield       |    37 |    42 |    94 ||   173
